 Dungeon Crawl Stone Soup version 0.31-a0-1074-g0b22e4e0f1 (webtiles) character file.

Game seed: 12413007484718141374

91 wildpjah the Slasher (level 4, 0/34 HPs)
             Began as a Merfolk Gladiator on Dec 7, 2023.
             Succumbed to an adder's poison
             ... on level 2 of the Dungeon on Dec 8, 2023.
             The game lasted 00:02:57 (1143 turns).

wildpjah the Slasher (Merfolk Gladiator)            Turns: 1143, Time: 00:02:57

Health: 0/34       AC:  5    Str: 14    XL:     4   Next: 57%
Magic:  4/4        EV: 14    Int:  7    God:
Gold:   160        SH:  0    Dex: 17    Spells: 3/3 levels left

rFire   . . .        a - +0 long sword
rCold   . . .        (no shield)
rNeg    . . .        b - +0 leather armour
rPois   .            c - +0 helmet
rElec   .            (no cloak)
rCorr   .            (no gloves)
SInv    .            i - +0 pair of boots
Will    .....        (no amulet)
Stlth   +            (no ring)
HPRegen 0.25/turn    (no ring)
MPRegen 0.09/turn

%: no passive effects
@: lethally poisoned (0 -> -6)
A: (nimble swimmer 2), mertail
a: no special abilities


You were on level 2 of the Dungeon.
You visited 1 branch of the dungeon, and saw 2 of its levels.

You collected 160 gold pieces.

Inventory:

Hand Weapons
 a - a +0 long sword (weapon)
Missiles
 e - a javelin
Armour
 b - a +0 leather armour (worn)
 c - a +0 helmet (worn)
 i - a +0 pair of boots (worn)
 j - a +0 plate armour
Scrolls
 h - 2 scrolls of enchant armour {unknown}
 l - 2 scrolls of fog {unknown}
 m - a scroll of identify {unknown}
Potions
 f - 2 potions of curing {unknown}
 g - 3 potions of attraction {unknown}
 k - a potion of berserk rage {unknown}


   Skills:
 + Level 2.8 Fighting
 + Level 5.1 Long Blades
 + Level 2.0 Throwing
 + Level 0.4 Armour
 + Level 4.8 Dodging
 + Level 0.1 Stealth


You had 3 spell levels left.
You didn't know any spells.
Your spell library contained the following spells:

 Spells                   Type           Power      Damage    Failure   Level
 Static Discharge         Conj/Air       0%         3-3/arc   65%         2
 Gell's Gravitas          Tloc           0%         N/A       87%         3
 Teleport Other           Tloc           0%         N/A       87%         3
 Airstrike                Air            0%         2d(0-16)  99%         4
 Summon Lightning Spire   Summ/Air       0%         N/A       99%         4
 Dispersal                Tloc           0%         N/A       100%        6


Dungeon Overview and Level Annotations

Branches:
Dungeon (2/15)

Altars:


Innate Abilities, Weirdness & Mutations

((You are very nimble when in or above water. (Stealth+, EV+, Speed+++)))
Your lower body shifts to a powerful aquatic tail in water.


Message History

The adder is severely wounded.
The adder bites you but does no damage.
You closely miss the adder.
The adder is severely wounded.
The adder misses you.
You barely miss the adder.
The adder is severely wounded.
The adder bites you.
You are poisoned.
The adder poisons you! The adder bites you.
* * * LOW HITPOINT WARNING * * *
You are lethally poisoned!
The adder poisons you!
Throw: 3 throwing nets
Press: ? - help, Q - select action, (/) - cycle Shift-Dir - straight line, f - adder
Aim: an adder (severely wounded, 40% to hit)
You throw a throwing net. The throwing net misses the adder.
* * * LOW HITPOINT WARNING * * *
You feel very sick. The adder closely misses you.
Throw: 2 throwing nets
Press: ? - help, Q - select action, (/) - cycle Shift-Dir - straight line, f/p - adder
Aim: an adder (severely wounded, 40% to hit)
You throw a throwing net.
The throwing net closely misses the adder.
* * * LOW HITPOINT WARNING * * *
You feel sick. The adder bites you.
* * * LOW HITPOINT WARNING * * *
Throw: throwing net
Press: ? - help, Q - select action, (/) - cycle Shift-Dir - straight line, f/p - adder
Aim: an adder (severely wounded, 40% to hit)
You throw a throwing net. The throwing net hits the adder.
The adder is caught in the net!
The adder is severely wounded.
* * * LOW HITPOINT WARNING * * *
You feel sick.
The adder struggles against the net.
You strike the helpless adder from behind!
You slash the adder!
You kill the adder!
You die...

# .. #. ######## ...#.
.# #......# ...#.#####.#
#......#
.........#.#####..[...##
...#.....#...#..........
.........#.#.#........##
.........†##.#........#
(.....(@..:..#.#<.#....#
...........###...#####.#
......†....†.###.#####.#
..[........#...#.......#
.......#######..########
....... ##..# .......
##.# ....... .# .......
..


There were no monsters in sight!

Vanquished Creatures
  Jessica (D:2)
  Natasha (D:2)
  An adder (D:2)
  A dart slug (D:1)
  3 endoplasms
  2 giant cockroaches (D:1)
  4 goblins (D:1)
  3 hobgoblins (D:1)
  6 kobolds
  4 quokkas (D:1)
  3 ball pythons
  3 bats
  6 rats
38 creatures vanquished.

Notes
Turn   | Place    | Note
-------+----------+-------------------------------------------
     0 | D:1      | wildpjah the Merfolk Gladiator began the quest for the Orb.
     0 | D:1      | Reached XP level 1. HP: 16/16 MP: 1/1
    90 | D:1      | Reached XP level 2. HP: 23/23 MP: 2/2
    96 | D:1      | Reached skill level 4 in Long Blades
   301 | D:1      | Reached XP level 3. HP: 25/28 MP: 3/3
   928 | D:2      | Noticed Jessica
   933 | D:2      | Killed Jessica
   934 | D:2      | Reached XP level 4. HP: 7/34 MP: 4/4
  1077 | D:2      | Noticed Natasha
  1088 | D:2      | Killed Natasha
  1089 | D:2      | Reached skill level 5 in Long Blades
  1143 | D:2      | Succumbed to an adder's poison

Illustrated notes

Levels and vault maps discovered:
D:1:      psy_arrival_conway, layout_basic, minmay_nonomino_d4
D:2:      layout_basic, uniq_natasha, uniq_jessica

Skill      XL: |  1  2  3  4 |
---------------+-------------+-----
Long Blades    | 4 5 |  5.1
Fighting       | |  2.8
Throwing       | |  2.0
Armour         | |  0.4
Dodging        | |  4.8
Stealth        | |  0.1

Action                     |  1- 3 |  4- 6 || total
---------------------------+-------+-------++-------
  Melee: Long sword        |    77 |    30 ||   107
         Punch             |       |     1 ||     1
  Throw: Throwing net      |       |     3 ||     3
   Stab: Held in net/web   |       |     1 ||     1
 Armour: Leather armour    |    32 |    15 ||    47
  Dodge: Dodged            |    52 |    26 ||    78

Table legend: (Time is in decaauts)
 A = Elapsed time spent in this place.
 B = Non-inter-level travel time spent in this place.
 C = Inter-level travel time spent in this place.
 D = Time resting spent in this place.
 E = Time spent auto-exploring this place.
 F = Levels seen in this place.
 G = Mean time per level.
                   A        B        C        D        E       F      G
               +--------+--------+--------+--------+--------+-----+--------+
         Total |   1157 |   1141 |     16 |      3 |    865 |   2 |  578.5 |
       Dungeon |   1157 |   1141 |     16 |      3 |    865 |   2 |  578.5 |
               +--------+--------+--------+--------+--------+-----+--------+

Top non-repeatable levels by time:
     D:1: 907 daAuts
     D:2: 250 daAuts
